 Dungeon Crawl Stone Soup version 0.23.0 (webtiles) character file.

Game seed: 14218461354800823542

49 Malhgor the Magician (level 3, -5/25 HPs)
             Began as a Gnoll Wizard on Feb 9, 2019.
             Slain by a gnoll
             ... wielding a +0 halberd
              (7 damage)
             ... on level 1 of the Dungeon.
             The game lasted 00:05:32 (1450 turns).

Malhgor the Magician (Gnoll Wizard)                 Turns: 1450, Time: 00:05:32

Health: -5/25      AC:  2    Str:  9    XL:     3   Next: 75%
Magic:  4/11       EV: 14    Int: 21    God:
Gold:   54         SH:  0    Dex: 13    Spells: 3/16 levels left

rFire    + . .     SeeInvis .   k - +0 short sword
rCold    . . .     Gourm    .   (no shield)
rNeg     . . .     Faith    .   a - +0 robe
rPois    .         Spirit   .   b - +0 hat
rElec    .         Reflect  .   (no cloak)
rCorr    .         Harm     .   (no gloves)
MR       .....                  (no boots)
Stlth    +++.......             (no amulet)
HPRegen  0.08/turn              e - ring of protection from fire
MPRegen  0.12/turn              (no ring)

@: very slightly contaminated
A: distributed training, fangs 1, strong nose
a: no special abilities


You were on level 1 of the Dungeon.
You were not hungry.

You visited 1 branch of the dungeon, and saw 2 of its levels.

You collected 54 gold pieces.

Inventory:

Hand Weapons
 k - a +0 short sword (weapon)
Missiles
 j - 29 stones (quivered)
 l - 12 arrows
Armour
 a - a +0 robe (worn)
 b - a +0 hat (worn)
Jewellery
 e - a ring of protection from fire (left hand)
Scrolls
 c - 5 scrolls of identify {unknown}
 h - 2 scrolls of blinking {unknown}
 m - a scroll of fog {unknown}
Potions
 g - a potion of heal wounds {unknown}
 i - a potion of curing {unknown}
Comestibles
 d - 3 rations


   Skills:
 + Level 0.9 Fighting
 + Level 0.9 Short Blades
 + Level 0.9 Long Blades
 + Level 0.9 Axes
 + Level 0.9 Maces & Flails
 + Level 0.9 Polearms
 + Level 0.9 Staves
 + Level 0.9 Slings
 + Level 0.9 Bows
 + Level 0.9 Crossbows
 + Level 0.9 Throwing
 + Level 0.9 Armour
 + Level 4.5 Dodging
 + Level 4.2 Stealth
 + Level 0.9 Shields
 + Level 0.9 Unarmed Combat
 + Level 7.1 Spellcasting
 + Level 2.1 Conjurations
 + Level 0.6 Hexes
 + Level 0.6 Charms
 + Level 2.1 Summonings
 + Level 0.6 Necromancy
 + Level 2.1 Translocations
 + Level 0.6 Transmutations
 + Level 0.6 Fire Magic
 + Level 0.6 Ice Magic
 + Level 0.6 Air Magic
 + Level 0.6 Earth Magic
 + Level 0.6 Poison Magic
 + Level 1.0 Invocations
 + Level 0.9 Evocations


You had 3 spell levels left.
You knew the following spells:

 Your Spells              Type           Power        Failure   Level  Hunger
a - Magic Dart            Conj           ###.         3%          1    None
b - Blink                 Tloc           N/A          5%          2    None
c - Call Imp              Summ           ###.....     5%          2    None
d - Slow                  Hex            ##......     10%         2    None
e - Conjure Flame         Conj/Fire      ##......     14%         3    None
f - Mephitic Cloud        Conj/Pois/Air  ##......     16%         3    None

Your spell library contained the following spells:

 Spells                   Type           Power        Failure   Level  Hunger


Dungeon Overview and Level Annotations

Branches:
Dungeon (2/15)

Altars:

Annotations:
D:1 Done


Innate Abilities, Weirdness & Mutations

Your experience applies equally to all skills.
You have very sharp teeth.
Your uncanny sense of smell can sniff out nearby items.


Message History

The gnoll misses you.
Unknown command.
Casting: Magic Dart (safe; 3% risk of failure)
Confirm with . or Enter, or press ? or * to list all spells.
Aiming: Magic Dart (safe; 3% risk of failure)
Press: ? - help, Shift-Dir - straight line, f/p - gnoll
Aim: a gnoll, wielding a +0 halberd and wearing a +0 scale mail (moderately wounded)
The magic dart hits the gnoll but does no damage.
The gnoll is moderately wounded.
The gnoll misses you.
Unknown command.
Casting: Magic Dart (safe; 3% risk of failure)
Confirm with . or Enter, or press ? or * to list all spells.
Aiming: Magic Dart (safe; 3% risk of failure)
Press: ? - help, Shift-Dir - straight line, f/p - gnoll
Aim: a gnoll, wielding a +0 halberd and wearing a +0 scale mail (moderately wounded)
The magic dart hits the gnoll but does no damage.
The gnoll is moderately wounded.
The gnoll hits you with a +0 halberd!
You die...

.# #.#..........###..#.##.#...##
.####......##.#.......#.##.#.#...
...............)...#..#.##.######
###...###....#..##.#.##.##.......
...........#.........##.#########
...........#.##..#.####.#
########.#.#.##..#.#....#
...........#.#..g).###### #
.............#..@..# #
#######.#.####.....# #
...#...............# ####
##.#......########## #...
##.#.....#### ###### #.##
......#.....# #....# #.#
.####....##.# #....#########.#
........###.# #..............#
#.#..##.###.### #..............#


You could see a gnoll.

Vanquished Creatures
  An ooze (D:2)
  2 worms (D:2)
  A dart slug (D:2)
  3 giant cockroaches
  6 goblins
  5 hobgoblins
  A ball python (D:1)
  5 bats
  2 frilled lizards (D:2)
  3 kobolds
  9 rats
38 creatures vanquished.

Notes
Turn   | Place    | Note
-------+----------+-------------------------------------------
     0 | D:1      | Malhgor the Gnoll Wizard began the quest for the Orb.
     0 | D:1      | Reached XP level 1. HP: 13/13 MP: 8/8
   163 | D:1      | Reached XP level 2. HP: 19/19 MP: 7/10
   168 | D:1      | Learned a level 2 spell: Blink
   171 | D:1      | Learned a level 2 spell: Call Imp
   174 | D:1      | Learned a level 2 spell: Slow
   799 | D:2      | Reached XP level 3. HP: 25/25 MP: 4/11
   859 | D:2      | Learned a level 3 spell: Conjure Flame
   863 | D:2      | Learned a level 3 spell: Mephitic Cloud
  1091 | D:2      | Reached skill level 1 in Invocations
  1450 | D:1      | Slain by a gnoll

Skill      XL: |  1  2  3 |
---------------+----------+-----
Conjurations   | 2 |  2.1
Summonings     | 2 |  2.1
Translocations | 2 |  2.1
Invocations    | 1 |  1.0
Fighting       | |  0.9
Short Blades   | |  0.9
Long Blades    | |  0.9
Axes           | |  0.9
Maces & Flails | |  0.9
Polearms       | |  0.9
Staves         | |  0.9
Slings         | |  0.9
Bows           | |  0.9
Crossbows      | |  0.9
Throwing       | |  0.9
Armour         | |  0.9
Dodging        | |  4.5
Stealth        | |  4.2
Shields        | |  0.9
Unarmed Combat | |  0.9
Spellcasting   | |  7.1
Hexes          | |  0.6
Charms         | |  0.6
Necromancy     | |  0.6
Transmutations | |  0.6
Fire Magic     | |  0.6
Ice Magic      | |  0.6
Air Magic      | |  0.6
Earth Magic    | |  0.6
Poison Magic   | |  0.6
Evocations     | |  0.9

Action                   || total
-------------------------++-------
Melee: Short sword       ||     7
 Cast: Magic Dart        ||   105
  Eat: Chunk             ||     1
Armor: Robe              ||     5
Dodge: Dodged            ||    29
